 Dungeon Sprint DCSS version 0.21-a0-104-g7b58145 (webtiles) character file.

5362 Kidiri the Unseen (level 10, -1/58 HPs)
             Began as a Spriggan Enchanter on July 6, 2017.
             Was a Priest of Dithmenos.
             Slain by a tentacle (3 damage)
             ... attached to a kraken
             ... in the Dungeon (Sprint II: "The Violet Keep of Menkaure").
             The game lasted 00:12:29 (1264 turns).

Kidiri the Unseen (Spriggan Enchanter)              Turns: 1264, Time: 00:12:30

Health: -1/58      AC:  5    Str:  4    XL:     10   Next: 39%
Magic:  11/27      EV: 32    Int: 19    God:    Dithmenos [***...]
Gold:   780        SH: 11    Dex: 21    Spells: 21/33 levels left

rFire    + + .     SeeInvis +   a - +1 dagger
rCold    . . .     Gourm    .   e - +0 buckler
rNeg     + . .     Faith    .   b - +0 robe
rPois    +         Spirit   .   (helmet restricted)
rElec    .         Reflect  +   i - +2 cloak of the Thief {+Fog Slay-2 SInv Stlth+}
rCorr    .         Harm     .   (gloves unavailable)
MR       +....     NoTele   +   (boots unavailable)
Stlth    ++++++++++             l - +4 amulet of reflection
HPRegen  0.19/turn              k - ring "Sozoxt" {rPois rF++ rN+ Dex+3}
MPRegen  0.20/turn              (no ring)

@: very slightly contaminated, wreathed by umbra, very quick
A: unfitting armour, see invisible, deterioration 1, herbivore 3, speed 3,
robust 1, slow metabolism 2, wild magic 1
a: Shadow Step, Renounce Religion, Evoke Fog


You were in the Dungeon.
You worshipped Dithmenos.
Dithmenos was most pleased with you.
You were not hungry.

You visited 1 branch You collected 1629 gold pieces.
You spent 849 gold pieces at shops.

Inventory:

Hand Weapons
 a - a +1 dagger (weapon)
Armour
 b - a +0 robe (worn)
 e - a +0 buckler (worn)
 i - the +2 cloak of the Thief (worn) {+Fog Slay-2 SInv Stlth+}
   (You bought it in a shop in the Dungeon)

   It affects your accuracy and damage with ranged weapons and melee attacks
   (-2).
   It lets you see invisible.
   It makes you more stealthy.
Jewellery
 k - the ring "Sozoxt" (left hand) {rPois rF++ rN+ Dex+3}
   (You bought it in a shop in the Dungeon)

   [ring of positive energy]

   It affects your dexterity (+3).
   It greatly protects you from fire.
   It protects you from poison.
   It protects you from negative energy.
 l - a +4 amulet of reflection (around neck)
 w - an uncursed amulet of rage {unknown}
Scrolls
 f - a scroll of remove curse
 m - a scroll of random uselessness {unknown}
 n - a scroll of recharging {unknown}
 p - 3 scrolls of enchant armour {unknown}
 t - a scroll of fog {unknown}
 u - a scroll of amnesia {unknown}
 x - 2 scrolls of fear {unknown}
 y - a scroll of magic mapping {unknown}
Potions
 g - a potion of haste
 h - 5 potions of magic
 o - 5 potions of curing
 s - 4 potions of flight {unknown}
 v - a potion of cancellation
 z - 3 potions of resistance
Comestibles
 d - 2 bread rations
 B - a royal jelly


   Skills:
 + Level 5.9 Fighting
 * Level 11.1 Short Blades
 + Level 5.3 Armour
 * Level 14.2 Dodging
 * Level 15.6 Stealth
 + Level 3.1 Shields
 * Level 12.3 Spellcasting
 + Level 9.4 Hexes
 + Level 4.0 Invocations
 + Level 5.3 Evocations


You had 21 spell levels left.
You knew the following spells:

 Your Spells              Type           Power        Failure   Level  Hunger
a - Corona                Hex            ######.      1%          1    None
b - Ensorcelled Hibernat  Hex/Ice        #####.       3%          2    None
c - Confuse               Hex            ######..     1%          3    None
d - Tukima's Dance        Hex            ######..     1%          3    None
e - Dazzling Spray        Conj/Hex       #####.       5%          3    None


Dungeon Overview and Level Annotations

Branches:
Dungeon (1/1)

Altars:
Cheibriados
Dithmenos
Elyvilon
Fedhas
Gozag
Hepliaklqana
Kikubaaqudgha
Makhleb
Nemelex Xobeh
Okawaru
Qazlal
Ru
Sif Muna
Trog
Uskayaw
Vehumet
Wu Jian
Xom
Yredelemnul
Zin
The Shining One
Beogh
Jiyva
Lugonu

Shops:
D !?:%}*[[[?=(=!*:

Annotations:
D exclusions: obsidian statue and oklob plant, Roxanne


Innate Abilities, Weirdness & Mutations

You are very small and have problems with some larger weapons.
You are too small for most types of armour.
You have supernaturally acute eyesight. (SInv)
You are a herbivore.
You cover ground extremely quickly.
You need consume almost no food.
Your body sometimes deteriorates upon taking damage.
You are robust. (+10% HP)
Your spells are a little harder to cast, but a little more powerful.


Message History

Press: ? - help, Shift-Dir - straight line, f/p - kraken
Aim: a kraken (ink, water, severely wounded, umbra)
The spray of energy hits the kraken.
The kraken is severely wounded.
The spray of energy hits the tentacle.
The tentacle is lightly wounded.
The spray of energy hits the tentacle.
The kraken bites you!!
* * * LOW HITPOINT WARNING * * *
The tentacle closely misses you. The tentacle misses you.
You block the tentacle's attack. The kraken bites you!
* * * LOW HITPOINT WARNING * * *
Unknown command.
Unknown command.
Blink to where?
Press: ? - help, Dir - move target cursor, p - kraken You are very lightly contaminated with residual magic.
As you read the scroll of blinking, it crumbles to dust.
A tentacle segment bursts forth from the water.
The tentacle slaps you.
You die...

^...# #§)▓▓▓▓▓▓▓▓▓▓▓
..^.# #[|▓)..[.:([▓▓
###.# #§)▓..[..(..▓▓
%%+.####|=▓......).▓▓
..#...####▓(..)....▓▓
####..##.#▓..[.%...▓▓
#[.+..#..#▓(...[)((▓▓
#..#..#.(#▓)(....))▓▓
####.^##.#▓.).()@..▓▓
..###..)##▓▓▓▓▓▓▓w▓▓▓▓+▓
§...≈≈≈≈≈≈≈≈≈§§§§.\.Xw≈▓
....≈#+########+###Vww≈▓
≈≈..≈#.._.....#≈≈≈##≈§§▓
≈≈≈.≈#._._....#≈§§≈####▓▓
≈≈§§≈#_._._...#§§§§≈##..#
≈§§≈≈#._._._..#§§§≈§≈#..#
≈§≈≈≈#_._._._.#≈§≈≈§§+..+


You could see a kraken and 4 tentacles.

Vanquished Creatures
  An ice dragon (D)
  2 deep trolls (D)
  A yaktaur (D)
  3 polar bears (D)
  A hornet (D)
  5 hippogriffs (D)
  2 wyverns (D)
  4 neqoxecs (D)
  A vampire mosquito (D)
  4 necrophages (D)
  4 crocodiles (D)
  4 worker ants (D)
32 creatures vanquished.

Vanquished Creatures (others)
  A flying skull (D)
  Menkaure (D)
  A crocodile (D)
  4 tentacles (D)
7 creatures vanquished.

Grand Total: 39 creatures vanquished

Notes
Turn   | Place    | Note
-------+----------+-------------------------------------------
     0 | D        | Kidiri the Spriggan Enchanter began the quest for the Orb.
     0 | D        | Reached XP level 1. HP: 9/9 MP: 5/5
     1 | D        | Noticed a hippogriff
     1 | D        | Noticed a hippogriff
     4 | D        | Noticed a neqoxec
     7 | D        | Noticed a worker ant
     7 | D        | Noticed a worker ant
    10 | D        | Noticed a necrophage
    10 | D        | Noticed a necrophage
    10 | D        | Noticed a necrophage
    10 | D        | Noticed a necrophage
    15 | D        | Noticed a worker ant
    15 | D        | Noticed a worker ant
    35 | D        | Killed Menkaure
    52 | D        | Killed a crocodile
   128 | D        | Killed a necrophage
   128 | D        | Reached skill level 1 in Fighting
   128 | D        | Reached skill level 1 in Armour
   128 | D        | Reached skill level 5 in Dodging
   128 | D        | Reached skill level 7 in Stealth
   128 | D        | Reached XP level 2. HP: 14/14 MP: 5/8
   128 | D        | Reached XP level 3. HP: 18/18 MP: 6/10
   128 | D        | Reached XP level 4. HP: 22/22 MP: 6/11
   133 | D        | Killed a necrophage
   133 | D        | Reached skill level 5 in Short Blades
   133 | D        | Reached skill level 8 in Stealth
   133 | D        | Reached skill level 5 in Hexes
   133 | D        | Reached XP level 5. HP: 26/26 MP: 6/14
   137 | D        | Killed a necrophage
   137 | D        | Reached skill level 9 in Stealth
   143 | D        | Killed a necrophage
   143 | D        | Reached skill level 10 in Stealth
   143 | D        | Reached XP level 6. HP: 32/32 MP: 7/17
   154 | D        | Learned a level 2 spell: Ensorcelled Hibernation
   158 | D        | Learned a level 3 spell: Confuse
   162 | D        | Learned a level 3 spell: Tukima's Dance
   166 | D        | Learned a level 3 spell: Dazzling Spray
   182 | D        | Noticed Roxanne
   185 | D        | Found Optoppic's Assorted Antiques.
   185 | D        | Found Bofi's Book Emporium.
   291 | D        | Killed a hippogriff
   291 | D        | Reached skill level 10 in Dodging
   291 | D        | Reached skill level 11 in Stealth
   291 | D        | Reached XP level 7. HP: 37/37 MP: 17/20
   295 | D        | Killed a hippogriff
   295 | D        | Reached skill level 12 in Stealth
   325 | D        | Killed a neqoxec
   325 | D        | Reached XP level 8. HP: 42/42 MP: 20/22
   345 | D        | Noticed an ice statue
   352 | D        | Reached skill level 13 in Stealth
   352 | D        | Reached skill level 10 in Spellcasting
   410 | D        | Found Porug's Distillery.
   412 | D        | Found Fiom's Antique Weapon Emporium.
   414 | D        | Found Bekemoaq's Magic Scroll Shoppe.
   415 | D        | Found Naifya's Armour Shoppe.
   415 | D        | Found Geury's Jewellery Emporium.
   430 | D        | Found Bamuwein's Jewellery Shoppe.
   430 | D        | Found Hirghuroi's Antique Armour Emporium.
   431 | D        | Found Utaxt's Antique Armour Shoppe.
   431 | D        | Found Zupsuzya's Assorted Antiques.
   432 | D        | Noticed a shining eye
   435 | D        | Noticed a shining eye
   436 | D        | Found Nyreunoelu's Gadget Shoppe.
   436 | D        | Found Jerphixush's Food Emporium.
   436 | D        | Noticed a shining eye
   436 | D        | Noticed an oklob plant
   437 | D        | Found Diptoep's Magic Scroll Shoppe.
   437 | D        | Found Beleuxet's Distillery.
   437 | D        | Found Gefeext's Book Shoppe.
   438 | D        | Noticed a death yak
   445 | D        | Noticed an iron elemental
   454 | D        | Noticed a flying skull
   454 | D        | Noticed a flying skull
   455 | D        | Noticed a flying skull
   478 | D        | Bought a buckler for 76 gold pieces
   478 | D        | Bought the +2 cloak of the Thief {+Fog Slay-2 SInv Stlth+} for 341 gold pieces
   494 | D        | Bought an ancient iron ring for 135 gold pieces
   494 | D        | Identified the ring "Sozoxt" {rPois rF++ rN+ Dex+3} (You bought it in a shop in the Dungeon)
   499 | D        | Bought a +4 amulet of reflection for 297 gold pieces
   533 | D        | Found a stormy altar of Qazlal.
   534 | D        | Found an ornate altar of the Wu Jian Council.
   536 | D        | Found a glowing golden altar of the Shining One.
   537 | D        | Found a hazy altar of Hepliaklqana.
   537 | D        | Found a sacrificial altar of Ru.
   537 | D        | Found a shimmering altar of Xom.
   538 | D        | Found a roughly hewn altar of Beogh.
   538 | D        | Found a viscous altar of Jiyva.
   538 | D        | Found a deep blue altar of Sif Muna.
   538 | D        | Found a basalt altar of Yredelemnul.
   539 | D        | Found a snail-covered altar of Cheibriados.
   539 | D        | Found an ancient bone altar of Kikubaaqudgha.
   539 | D        | Found a bloodstained altar of Trog.
   540 | D        | Found a shadowy altar of Dithmenos.
   540 | D        | Found a corrupted altar of Lugonu.
   540 | D        | Found a hide-covered altar of Uskayaw.
   541 | D        | Found a white marble altar of Elyvilon.
   541 | D        | Found a burning altar of Makhleb.
   542 | D        | Found a blossoming altar of Fedhas.
   544 | D        | Found an opulent altar of Gozag.
   544 | D        | Found a sparkling altar of Nemelex Xobeh.
   544 | D        | Noticed a hornet
   544 | D        | Noticed a polar bear
   545 | D        | Found a glowing silver altar of Zin.
   545 | D        | Found a radiant altar of Vehumet.
   545 | D        | Found an iron altar of Okawaru.
   545 | D        | Noticed a yaktaur
   550 | D        | Became a worshipper of Dithmenos the Shadowed
   557 | D        | Noticed a polar bear
   557 | D        | Noticed a polar bear
   558 | D        | Killed a polar bear
   558 | D        | Reached skill level 1 in Evocations
   561 | D        | Killed a hornet
   561 | D        | Reached skill level 1 in Shields
   561 | D        | Reached skill level 1 in Invocations
   568 | D        | Killed a polar bear
   568 | D        | Reached * piety under Dithmenos
   568 | D        | Reached XP level 9. HP: 43/46 MP: 11/24
   579 | D        | Killed a yaktaur
   579 | D        | Reached skill level 5 in Fighting
   579 | D        | Reached skill level 14 in Stealth
   589 | D        | Killed a polar bear
   601 | D        | Noticed an ice dragon
   604 | D        | Killed an ice dragon
   604 | D        | Reached ** piety under Dithmenos
   604 | D        | Reached skill level 10 in Short Blades
   631 | D        | Noticed a deep elf master archer
   636 | D        | Reached skill level 5 in Armour
   638 | D        | Reached *** piety under Dithmenos
   638 | D        | Reached XP level 10. HP: 11/52 MP: 9/26
   639 | D        | Reached skill level 15 in Stealth
   894 | D        | Noticed a kraken
   928 | D        | Reached **** piety under Dithmenos
   951 | D        | Noticed an obsidian statue
  1016 | D        | Noticed a deep troll
  1017 | D        | Noticed a deep troll
  1018 | D        | Killed a deep troll
  1018 | D        | Reached skill level 5 in Evocations
  1020 | D        | Killed a deep troll
  1163 | D        | Gained mutation: Your body sometimes deteriorates upon taking damage. [potion of mutation]
  1163 | D        | Gained mutation: You are robust. (+10% HP) [potion of mutation]
  1163 | D        | Gained mutation: Your spells are a little harder to cast, but a little more powerful. [potion of mutation]
  1263 | D        | HP: 2/58 [kraken (12)]
  1264 | D        | Slain by a tentacle

Vault maps used:
D:        the_violet_keep_of_menkaure

Skill      XL: |  1  2  3  4  5  6  7  8  9 10 |
---------------+-------------------------------+-----
Fighting       | 1 2 3 4 5 |  5.9
Short Blades   | 3 5 6 7 8 9 10 11 | 11.1
Armour         | 1 2 3 4 5 |  5.3
Dodging        | 5 7 8 10 11 12 13 14 | 14.2
Stealth        | 7 8 10 11 12 13 14 15 | 15.6
Spellcasting   | 4 6 7 8 9 10 11 12 | 12.3
Hexes          | 4 5 6 7 8 9 |  9.4
Evocations     | 2 4 5 |  5.3
Shields        | 1 2 3 |  3.1
Invocations    | 1 3 4 |  4.0

Action                   |  1- 3 |  4- 6 |  7- 9 | 10-12 || total
-------------------------+-------+-------+-------+-------++-------
Melee: Dagger            |     5 |    22 |    34 |    18 ||    79
 Cast: Ensorcelled Hiber |       |     6 |     8 |     7 ||    21
       Confuse           |       |       |     6 |     1 ||     7
       Dazzling Spray    |       |       |     2 |     8 ||    10
Invok: Shadow Step       |       |       |       |     2 ||     2
  Use: Potion            |     2 |       |     1 |     1 ||     4
       Scroll            |       |       |       |     6 ||     6
 Stab: Sleeping          |     1 |     6 |    11 |     5 ||    23
       Confused          |       |       |     4 |     1 ||     5
       Invisible         |       |       |     2 |     1 ||     3
Armor: Robe              |       |       |     1 |     1 ||     2
Dodge: Dodged            |     1 |     8 |    16 |    15 ||    40
Block: Buckler           |       |       |     8 |    12 ||    20
       Reflection        |       |       |     1 |       ||     1
